 Dungeon Crawl Stone Soup version 0.29.0-4-gdea44cf6ec (webtiles) character file.

Game seed: 3384423102288213131

19 qw the Firebug (level 2, -1/23 HPs)
             Began as a Ghoul Fire Elementalist on Aug 29, 2022.
             Slain by a gnoll
             ... wielding a +0 club
              (5 damage)
             ... on level 2 of the Dungeon.
             The game lasted 00:00:55 (1600 turns).

qw the Firebug (Ghoul Fire Elementalist)            Turns: 1600, Time: 00:00:55

Health: -1/23      AC:  9    Str: 11    XL:     2   Next: 75%
Magic:  3/3        EV:  5    Int: 10    God:
Gold:   38         SH:  0    Dex: 15    Spells: 3/4 levels left

rFire   . . .      SeeInvis .     - Unarmed
rCold   + . .      Faith    .   (no shield)
rNeg    + + +      Spirit   .   h - +0 chain mail
rPois   inf        Reflect  .   (no helmet)
rElec   .          Harm     .   i - +0 cloak
rCorr   .          Rampage  .   (no gloves)
Will    .....                   (no boots)
Stlth   ..........              (no amulet)
HPRegen 0.00/turn               j - +6 ring of dexterity
MPRegen 0.08/turn               (no ring)

@: inhibited regen
A: claws 1, cold resistance 1, negative energy resistance 3, inhibited
regeneration, torment resistance 2, devour on kill
a: no special abilities


You were on level 2 of the Dungeon.
You visited 1 branch of the dungeon, and saw 2 of its levels.

You collected 38 gold pieces.


Innate Abilities, Weirdness & Mutations

You are immune to poison.
You have sharp fingernails.
Your flesh is cold resistant. (rC+)
You are immune to negative energy. (rN+++)
You do not regenerate when monsters are visible.
You are immune to unholy pain and torment.
You thrive by killing the living.


   Skills:
 - Level 1.1 Fighting
 - Level 1.7 Dodging
 - Level 2.1 Stealth
 + Level 2.1 Unarmed Combat
 - Level 1.7 Spellcasting
 - Level 0.7 Conjurations
 - Level 2.4 Fire Magic


You had 3 spell levels left.
You knew the following spells:

 Your Spells              Type           Power      Damage    Failure   Level
a - Foxfire               Conj/Fire      16%        2x1d4     100%        1

Your spell library contained the following spells:

 Spells                   Type           Power      Damage    Failure   Level
 Scorch                   Fire           10%        2d6       100%        2
 Conjure Flame            Conj/Fire      4%         6-21      100%        3
 Inner Flame              Hex/Fire       3%         N/A       100%        3
 Flame Wave               Conj/Fire      4%         2d5       100%        4

Inventory:

Armour
 h - a +0 chain mail (worn)
 i - a +0 cloak (worn)
Jewellery
 j - a +6 ring of dexterity (left claw)
Potions
 g - a potion of curing

Dungeon Overview and Level Annotations

Branches:
Dungeon (2/15)

Altars:

Shops:
D:2 [


Message History

You can access your shopping list by pressing '$'.
You open the door.
There is an open door here.
Found a stone staircase leading down.
A gnoll comes into view. It is wielding a +0 club.
The gnoll shouts!
You hear a shout!
A bat comes into view.
The gnoll moves out of view.
A gnoll comes into view. It is wielding a +0 spear.
The gnoll shouts!
You scratch the bat.
You kill the bat!
1590 ||| Stepping ~*~*~tactically~*~*~ (hiding).
You scratch the gnoll.
The gnoll is lightly wounded.
The gnoll barely misses you.
You closely miss the gnoll.
The gnoll is lightly wounded.
The gnoll hits you with a +0 club.
You completely miss the gnoll.
The gnoll is lightly wounded.
The gnoll hits you with a +0 club. The gnoll hits you but does no damage.
You scratch the gnoll.
The gnoll is moderately wounded.
The gnoll barely misses you. The gnoll hits you but does no damage.
You scratch the gnoll but do no damage.
The gnoll is moderately wounded.
The gnoll barely misses you.
The gnoll hits you from afar with a +0 spear.
You scratch the gnoll.
The gnoll is moderately wounded.
The gnoll hits you with a +0 club. The gnoll barely misses you.
You claw the gnoll!
The gnoll is almost dead.
The gnoll barely misses you.
The gnoll hits you from afar with a +0 spear.
You scratch the gnoll but do no damage.
The gnoll is almost dead.
The gnoll hits you with a +0 club.
You die...

##.##..... #.####### #.
#.# g ##+## . ##...##
#.## ##.....## #.#.##
##.......##
####.g..####\........###
..>...g@...'.........'..
####....####.........###
#.#.## ##.......## #...
##.....## ###. ##...##
#. ##.... #. #.### #.
#.# #.


You could see 2 gnolls.

Vanquished Creatures
  3 ball pythons (D:1)
  3 bats
  An endoplasm (D:1)
  2 giant cockroaches
  2 goblins (D:1)
  3 kobolds
  A quokka (D:1)
15 creatures vanquished.

Notes
Turn   | Place    | Note
-------+----------+-------------------------------------------
     0 | D:1      | qw the Ghoul Fire Elementalist began the quest for the Orb.
     0 | D:1      | Reached XP level 1. HP: 14/14 MP: 2/2
     0 | D:1      | 0 ||| qw: Version: 0.1-a-90-g952f4b7
     0 | D:1      | 0 ||| qw: Game counter: 4004
     0 | D:1      | 0 ||| qw: Always use a shield: true
     0 | D:1      | 0 ||| qw: God list: Okawaru
     0 | D:1      | 0 ||| qw: Allow faded altars: false
     0 | D:1      | 0 ||| qw: Do Orc after D:15 true
     0 | D:1      | 0 ||| qw: Do second Lair branch before Depths: true
     0 | D:1      | 0 ||| qw: Lair rune preference: random
     0 | D:1      | 0 ||| qw: Plans: Normal
     0 | D:1      | 0 ||| PLANNING D:1-11
   305 | D:1      | Reached skill level 1 in Unarmed Combat
   535 | D:1      | Reached XP level 2. HP: 17/22 MP: 3/3
   654 | D:1      | Found a faded altar of an unknown god.
   718 | D:1      | Reached skill level 1 in Fighting
  1439 | D:1      | 1439 ||| UPGRADING to +0 chain mail.
  1449 | D:1      | 1449 ||| DROPPING +0 robe.
  1450 | D:1      | 1450 ||| UPGRADING to +0 cloak.
  1455 | D:1      | 1455 ||| DROPPING ring of flight.
  1456 | D:1      | 1456 ||| UPGRADING to +6 ring of dexterity.
  1457 | D:1      | 1457 ||| READING scroll labelled VARCHU QOEMO.
  1458 | D:1      | 1458 ||| READING scroll labelled ENITYNT KAIT.
  1459 | D:1      | 1459 ||| DRINKING 2 lumpy purple potions.
  1460 | D:1      | 1460 ||| DRINKING 2 sapphire potions.
  1461 | D:1      | 1461 ||| DROPPING potion of magic.
  1462 | D:1      | 1462 ||| DROPPING potion of flight.
  1572 | D:2      | Found Kuots's Armour Shoppe.
  1580 | D:2      | 1580 ||| SHOPLISTING +0 pair of gloves (49 gold, have 38).
  1580 | D:2      | 1580 ||| SHOPLISTING +2 scale mail of cold resistance (231
                  | gold, have 38).
  1590 | D:2      | 1590 ||| Stepping ~*~*~tactically~*~*~ (hiding).
  1599 | D:2      | HP: 4/23 [gnoll/+0 spear (2)]
  1600 | D:2      | Slain by a gnoll

Levels and vault maps discovered:
D:1:      nzn_arrival_depleted_hourglass, layout_loops_corners,
          shapermc_ecumenical_altar_flowoftime
D:2:      minmay_spotlight, layout_loops_corners, serial_shops, shop,
          hangedman_decor_points

Skill      XL: |  1  2 |
---------------+-------+-----
Unarmed Combat | 1 2 |  2.1
Fighting       | 1 |  1.1
Dodging        | |  1.7
Stealth        | |  2.1
Spellcasting   | |  1.7
Conjurations   | |  0.7
Fire Magic     | |  2.4

Action                   || total
-------------------------++-------
Melee: Unarmed           ||    66
  Use: Scroll            ||     2
       Potion            ||     2
Armor: Robe              ||    15
       Chain mail        ||    11
Dodge: Dodged            ||    27

Table legend:
 A = Non-vault XP
 B = Vault XP
 C = Vault XP percentage of total XP
 D = Non-vault monster count
 E = Vault monster count
 F = Vault count percentage of total count
                 A         B        C        D         E       F
            +---------+---------+-------+---------+---------+-------
      Total |      28 |       0 |   0.0 |      15 |       0 |   0.0
            +---------+---------+-------+---------+---------+-------
        D:1 |      23 |       0 |   0.0 |      12 |       0 |   0.0
        D:2 |       5 |       0 |   0.0 |       3 |       0 |   0.0
            +---------+---------+-------+---------+---------+-------
